 Dungeon Crawl Stone Soup version 0.32-a0-779-g362cfcae2a (webtiles) character file.

Game seed: 18342503624651453187

11055 hikkokomori the Fighter (level 11, 0/86 HPs)
             Began as a Coglin Hunter on Mar 19, 2024.
             Was an Elder of Cheibriados.
             Slain by a yak (4 damage)
             ... on level 10 of the Dungeon.
             The game lasted 00:31:38 (9613 turns).

hikkokomori the Fighter (Coglin Hunter)             Turns: 9613, Time: 00:31:38

Health: 0/86       AC: 20    Str: 20    XL:     11   Next: 71%
Magic:  14/16      EV:  8    Int: 20    God:    Cheibriados [****..]
Gold:   739        SH:  0    Dex: 26    Spells: 6/16 levels left

rFire   . . .        w - +10 spear "Efek" {flame, rN+ Will+ Int+3 Dex-4}
rCold   . . .        F - +3 broad axe (elec) {Gilbert}
rNeg    + . .        z - +1 chain mail of Starshine {+Blink Slay+3}
rPois   .            y - +2 helmet
rElec   .            k - +0 cloak
rCorr   .            l - +0 pair of gloves
SInv    .            J - +2 pair of boots {Stlth+}
Will    +....        (amulet unavailable)
Stlth   +            (ring unavailable)
HPRegen 0.34/turn    (ring unavailable)
MPRegen 0.15/turn    (no gizmo)

%: no passive effects
@: mighty, revved, very slow
A: off-hand wielding, slow wielding, warmup strikes, no jewellery, iridescent
scales 1, dopey 1
a: Invent Gizmo, Renounce Religion, Evoke Blink, Bend Time, Temporal Distortion,
Slouch


You were on level 10 of the Dungeon.
You worshipped Cheibriados.
Cheibriados was greatly pleased with you.
You visited 2 branches of the dungeon, and saw 11 of its levels.
You also visited: Bailey.

You collected 739 gold pieces.

Inventory:

Hand Weapons
 a - a +2 sling {Diego}
 d - a +0 sling {Servia}
 n - a +3 hand axe
 w - the +10 spear "Efek" (weapon) {flame, rN+ Will+ Int+3 Dex-4}
   (You found it on level 5 of the Dungeon)

   Int+3:     It affects your intelligence (+3).
   Dex-4:     It affects your dexterity (-4).
   rN+:       It protects you from negative energy.
   Will+:     It increases your willpower.
 x - a +0 trident {Jia}
 B - a +4 long sword
 F - a +3 broad axe of electrocution (offhand) {Gilbert}
 G - a +1 heavy hand axe
 H - a +5 falchion
Armour
 c - a +0 leather armour
 k - a +0 cloak (worn)
 l - a +0 pair of gloves (worn)
 r - the +1 robe of Mokirip {+Blink rElec Dex+3}
   (You found it on level 3 of the Dungeon)

   Dex+3:     It affects your dexterity (+3).
   rElec:     It insulates you from electricity.
   +Blink:    It lets you blink.
 y - a +2 helmet (worn)
 z - the +1 chain mail of Starshine (worn) {+Blink Slay+3}
   (You found it on level 10 of the Dungeon)

   Slay+3:    It affects your accuracy & damage with ranged weapons and melee
   (+3).
   +Blink:    It lets you blink.
 I - the +8 orange crystal plate armour {Archmagi, Int+3 Clar}
   (You found it in a bailey)

   Int+3:     It affects your intelligence (+3).
   Clar:      It protects you from confusion, rage, mesmerisation and fear.
 J - a +2 pair of boots of stealth (worn)
Scrolls
 b - a scroll of butterflies
 e - a scroll of summoning
 g - 7 scrolls of teleportation
 i - 3 scrolls of fog
 j - 2 scrolls of amnesia
 m - a scroll of immolation
 t - a scroll of vulnerability
 u - a scroll of enchant armour
 v - 4 scrolls of noise
 K - a scroll of identify
Potions
 f - 4 potions of degeneration
 h - a potion of might
 o - a potion of ambrosia {unknown}
 p - 3 potions of haste
 q - a potion of mutation
 s - 2 potions of magic
 A - a potion of cancellation {unknown}
 C - a potion of brilliance
 D - a potion of attraction {unknown}


   Skills:
 - Level 8.2 Fighting
 + Level 1.8(5.5) Axes
 - Level 7.5(7.6) Polearms
 - Level 6.1 Ranged Weapons
 + Level 3.0 Armour
 - Level 2.4 Dodging
 - Level 3.0 Stealth
 - Level 3.3 Spellcasting
 - Level 3.0 Conjurations
 - Level 2.0 Necromancy
 - Level 3.0 Air Magic
 - Level 7.0 Alchemy
 + Level 4.0 Invocations
 - Level 6.2 Evocations


You had 6 spell levels left.
You knew the following spells:

 Your Spells              Type           Power      Damage    Failure   Level
a - Cigotuvi's Dreadful   Necr/Alch/Air  38%        N/A       30%         2
b - Alistair's Intoxicat  Alch           20%        N/A       86%         5
c - Mephitic Cloud        Conj/Alch/Air  20%        N/A       47%         3

Your spell library contained the following spells:

 Spells                   Type           Power      Damage    Failure   Level
 Mercury Vapours          Alch/Air       46%        N/A       21%         2
 Ignite Poison            Fire/Alch      17%        N/A       94%         4
 Borgnjor's Vile Clutch   Necr/Erth      3%         N/A       100%        5
 Freezing Cloud           Conj/Ice/Air   5%         6-21      100%        5
 Eringya's Noxious Bog    Alch           15%        4d6       100%        6


Dungeon Overview and Level Annotations

Branches:
Dungeon (10/15)            Temple (1/1) D:4            Lair (0/5) D:10
    Orc (0/2) D:10         Bailey (visited)

Altars:
Ashenzari
Cheibriados
Dithmenos
Elyvilon
Fedhas
Gozag
Hepliaklqana
Kikubaaqudgha
Makhleb
Nemelex Xobeh
Okawaru
Qazlal
Ru
Sif Muna
Trog
Uskayaw
Vehumet
Wu Jian
Xom
Yredelemnul
Zin
The Shining One

Shops:
D:3 [   D:5 :


Innate Abilities, Weirdness & Mutations

You can wield a second weapon in your off-hand.
It takes a long time for you to wield or remove held weapons.
Your first few attacks do less damage.
You cannot equip rings or amulets.
You are partially covered in iridescent scales. (AC +2)
You are dopey. (Int -2)


Message History

The yak gores you but does no damage.
You slash the yak with your +3 broad axe of electrocution!
You kill the yak!
Cheibriados appreciates the change of pace.
You feel sick.
Your Armour skill increases to level 3!
You barely miss the orc with the +10 spear "Efek".
You closely miss the orc with your +3 broad axe of electrocution.
The orc hits you with a +0 morningstar.
* * * LOW HITPOINT WARNING * * *
You impale the orc with the +10 spear "Efek"!!
You burn the orc.
You kill the orc!
Cheibriados appreciates the change of pace.
You feel sick.
You are no longer poisoned.
You slash the yak with your +3 broad axe of electrocution!
The yak is moderately wounded.
You closely miss the yak with the +10 spear "Efek".
The yak gores you but does no damage.
You hit the yak with your +3 broad axe of electrocution.
The yak is heavily wounded.
You barely miss the yak with the +10 spear "Efek".
The yak gores you but does no damage.
You barely miss the yak with your +3 broad axe of electrocution.
The yak is heavily wounded.
You puncture the yak with the +10 spear "Efek"!
You burn the yak. The yak gores you.
* * * LOW HITPOINT WARNING * * *
You puncture the yak with the +10 spear "Efek"!
You burn the yak.
You kill the yak!
Cheibriados appreciates the change of pace.
Your Invocations skill increases to level 4!
You slash the yak with your +3 broad axe of electrocution!
The yak is heavily wounded.
You hit the yak with the +10 spear "Efek".
You burn the yak. The yak gores you.
You die...
Cheibriados appreciates the motionlessness of death.

#. ###...< #. .#... #.
.#... ...#++###. '..
......... '.. ......##
#.# .....#. #.# ....+. #
#@# ...#. #.#####Y######
###[# .
+........#...#####...##.
#..........ß......)ß.))#
.......)##...#####.))#))
........#####'###'#)##.)
........# ##...##.##..
........# #.>.##.##..
......... ##...##.##..


You could see a yak.

Vanquished Creatures
  A two-headed ogre (D:9)
  A gargoyle (Bailey)
  A kobold demonologist (D:9)
  An unseen horror (D:8)
  2 hornets
  Prince Ribbit (D:8)
  Grinder (D:6)
  Sigmund (D:3)
  A basilisk (D:10)
  A vampire (Bailey)
  17 yaks
  4 wyverns
  An acid dragon (D:10)
  4 water moccasins
  3 black bears (D:6)
  5 orc warriors
  A sky beast (D:4)
  2 ice beasts
  An ogre (D:5)
  4 centaurs
  A phantom (D:6)
  3 bullfrogs
  Blork the orc (D:4)
  3 scorpions
  12 wights
  4 killer bees (D:10)
  7 vampire bats (Bailey)
  6 wolf zombies (Bailey)
  7 orc priests
  4 hounds
  2 gnoll boudas
  3 jellies
  12 orc wizards
  2 sleepcaps
  Natasha (thrice) (D:3)
  3 iguanas
  8 gnolls
  7 adders
  A shadow imp (D:6)
  2 white imps
  3 dart slugs
  53 orcs
  6 bats
  12 endoplasms
  6 giant cockroaches
  2 goblins
  9 hobgoblins
  4 jackals (D:1)
  9 kobolds
  5 quokkas
  9 ball pythons
  4 frilled lizards
  20 orc zombies (Bailey)
  10 rats
296 creatures vanquished.

Vanquished Creatures (collateral kills)
  Duvessa (D:5)
  Dowan (D:5)
  A jelly (D:5)
  2 iguanas (D:5)
5 creatures vanquished.

Grand Total: 301 creatures vanquished

Notes
Turn   | Place    | Note
-------+----------+-------------------------------------------
     0 | D:1      | hikkokomori the Coglin Hunter began the quest for the Orb.
     0 | D:1      | Reached XP level 1. HP: 16/16 MP: 1/1
    70 | D:1      | Reached XP level 2. HP: 23/23 MP: 2/2
   297 | D:1      | Reached XP level 3. HP: 28/28 MP: 3/3
   640 | D:1      | Reached skill level 3 in Fighting
   777 | D:2      | Found a faded altar of an unknown god.
  1482 | D:3      | Reached XP level 4. HP: 33/35 MP: 4/4
  1495 | D:3      | Noticed Natasha
  1502 | D:3      | Killed Natasha
  1616 | D:3      | Noticed Sigmund
  1623 | D:3      | Killed Sigmund
  1624 | D:3      | Reached skill level 4 in Fighting
  1624 | D:3      | Reached skill level 5 in Ranged Weapons
  1624 | D:3      | Reached XP level 5. HP: 27/43 MP: 5/5
  1624 | D:3      | Reached XP level 6. HP: 30/49 MP: 6/6
  1696 | D:3      | Learned a level 2 spell: Cigotuvi's Dreadful Rot
  1919 | D:3      | Noticed Natasha
  1925 | D:3      | Killed Natasha
  1973 | D:3      | Found Exacwajy's Armour Shoppe.
  2099 | D:3      | Identified the +1 robe of Mokirip {+Blink rElec Dex+3}
  2208 | D:3      | Noticed Natasha
  2209 | D:3      | Reached skill level 1 in Alchemy
  2220 | D:3      | Killed Natasha
  2607 | D:4      | Gained mutation: You are partially covered in iridescent
                  | scales. (AC +2) [potion of mutation]
  2607 | D:4      | Gained mutation: You are dopey. (Int -2) [potion of
                  | mutation]
  2636 | D:4      | Noticed Blork the orc
  2641 | D:4      | Reached skill level 1 in Necromancy
  2641 | D:4      | Reached skill level 1 in Evocations
  2643 | D:4      | Killed Blork the orc
  2644 | D:4      | Reached skill level 1 in Air Magic
  2644 | D:4      | Reached XP level 7. HP: 52/55 MP: 6/8
  2652 | D:4      | Reached skill level 1 in Spellcasting
  2750 | D:4      | Reached skill level 5 in Fighting
  2786 | D:4      | Found a staircase to the Ecumenical Temple.
  2961 | D:5      | Entered Level 5 of the Dungeon
  2974 | D:5      | Reached XP level 8. HP: 57/62 MP: 10/10
  3175 | D:5      | Found Ipegejun's Vocational Training.
  3187 | D:5      | Noticed Duvessa
  3187 | D:5      | Noticed Dowan
  3193 | D:5      | Killed Duvessa
  3199 | D:5      | Killed Dowan
  3376 | D:5      | Identified the +10 spear "Efek" {flame, rN+ Will+ Int+3
                  | Dex-4}
  3702 | D:6      | Noticed Grinder
  3710 | D:6      | Killed Grinder
  3711 | D:6      | Reached skill level 6 in Fighting
  3711 | D:6      | Reached skill level 1 in Polearms
  3711 | D:6      | Reached XP level 9. HP: 63/69 MP: 13/13
  3774 | D:6      | Reached skill level 5 in Evocations
  4214 | D:6      | Found a shimmering altar of Xom.
  4217 | D:6      | Found a hazy altar of Hepliaklqana.
  4222 | D:6      | Found a sacrificial altar of Ru.
  4928 | D:7      | Learned a level 5 spell: Alistair's Intoxication
  4973 | D:7      | Reached skill level 7 in Fighting
  5122 | D:7      | Reached skill level 1 in Stealth
  5428 | Temple   | Entered the Ecumenical Temple
  5438 | Temple   | Became a worshipper of Cheibriados the Contemplative
  5754 | D:8      | Found a glowing golden altar of the Shining One.
  5786 | D:8      | Noticed Prince Ribbit
  5796 | D:8      | Killed Prince Ribbit
  5797 | D:8      | Reached skill level 5 in Alchemy
  5830 | D:8      | Killed an unseen horror
  5831 | D:8      | Reached XP level 10. HP: 12/79 MP: 14/14
  6314 | D:8      | Reached * piety under Cheibriados
  6402 | D:8      | Reached skill level 8 in Fighting
  6409 | D:8      | Reached skill level 5 in Polearms
  6667 | D:8      | Found a sparkling altar of Nemelex Xobeh.
  6770 | D:9      | Noticed a two-headed ogre
  6782 | D:9      | Killed a two-headed ogre
  6783 | D:9      | Reached skill level 1 in Invocations
  6936 | D:9      | Found an ancient bone altar of Kikubaaqudgha.
  7132 | D:9      | Noticed a kobold demonologist
  7143 | D:9      | Killed a kobold demonologist
  7149 | D:9      | Learned a level 3 spell: Mephitic Cloud
  7228 | D:9      | Found a flagged portal.
  7307 | Bailey   | Entered a bailey
  7378 | Bailey   | Noticed a gargoyle
  7392 | Bailey   | Killed a gargoyle
  7393 | Bailey   | Reached skill level 1 in Conjurations
  7533 | Bailey   | Reached ** piety under Cheibriados
  7539 | Bailey   | Reached XP level 11. HP: 84/86 MP: 15/15
  7560 | Bailey   | Identified the ring "Meadalir" {*Corrode +Blink Fly rElec
                  | rPois}
  7754 | Bailey   | Found the +8 orange crystal plate armour {Archmagi, Int+3
                  | Clar}
  8352 | D:9      | Reached *** piety under Cheibriados
  8357 | D:9      | Paralysed by a hornet for 3 turns
  8595 | D:9      | Reached skill level 1 in Armour
  8667 | D:10     | Entered Level 10 of the Dungeon
  8905 | D:10     | Found a staircase to the Lair.
  9265 | D:10     | Identified the +1 chain mail of Starshine {+Blink Slay+3}
  9380 | D:10     | Reached **** piety under Cheibriados
  9385 | D:10     | Found a staircase to the Orcish Mines.
  9506 | D:10     | Reached skill level 1 in Axes
  9611 | D:10     | HP: 3/86 [yak (5)]
  9613 | D:10     | Slain by a yak

Illustrated notes

Levels and vault maps discovered:
D:1:      evilmike_arrival_home_sweet_home, layout_basic
D:2:      layout_basic, shapermc_ecumenical_altar_mp_urbaneastern
D:3:      layout_basic, serial_shops, nicolae_shop_trees, uniq_natasha,
          uniq_sigmund
D:4:      layout_rooms, temple_fountains, uniq_blork_the_orc
D:5:      layout_cave_pools, minmay_misc_feat_encased, minmay_crystal_room,
          nicolae_shop_vocational, uniq_duvessa
D:6:      layout_loops_corners, grunt_temple_overflow_diamond,
          minmay_stone_trees_small, nicolae_the_louvre, uniq_grinder
D:7:      layout_cave_pools
D:8:      layout_basic, tso_oasis_becter, nemelex_spade_bored_becter,
          serial_bayou_lagoon_a, uniq_prince_ribbit1
D:9:      layout_loops_cross, old_standard_altar, enter_bailey_4
D:10:     layout_irregular_city, minmay_lair_entry_grove, hiddenorc2_lemuel,
          blue_anna_alchemist
Temple:   compressed_dpeg_triangle_lava_temple

Skill      XL: |  1  2  3  4  5  6  7  8  9 10 11 |
---------------+----------------------------------+-----
Ranged Weapons | 4 5 6 |  6.1
Fighting       | 3 4 5 6 7 8 |  8.2
Alchemy        | 1 2 4 5 7 |  7.0
Necromancy     | 1 2 |  2.0
Evocations     | 1 2 4 6 |  6.2
Air Magic      | 1 3 |  3.0
Spellcasting   | 1 2 3 |  3.3
Polearms       | 1 4 6 7 |  7.5
Stealth        | 2 3 |  3.0
Invocations    | 2 4 |  4.0
Conjurations   | 2 3 |  3.0
Armour         | 3 |  3.0
Dodging        | 2 |  2.4
Axes           | 1 |  1.8

Action                     |  1- 3 |  4- 6 |  7- 9 | 10-12 || total
---------------------------+-------+-------+-------+-------++-------
  Melee: Spear             |       |       |   119 |   359 ||   478
         Trident           |       |       |   102 |   270 ||   372
         Broad axe         |       |       |       |    47 ||    47
   Fire: Sling             |   176 |   180 |   178 |       ||   534
   Cast: Cigotuvi's Dreadf |       |       |     1 |     2 ||     3
 Invoke: Bend Time         |       |       |       |     6 ||     6
         Temporal Distorti |       |       |       |     1 ||     1
    Use: Scroll            |       |    10 |     5 |     9 ||    24
         Potion            |       |     1 |     4 |     7 ||    12
   Stab: Sleeping          |       |       |     6 |     8 ||    14
         Distracted        |       |       |       |     1 ||     1
 Armour: Leather armour    |    13 |     8 |       |       ||    21
         Robe              |       |    17 |   139 |   195 ||   351
         Skin              |       |       |    14 |       ||    14
         Chain mail        |       |       |       |    64 ||    64
         Crystal plate arm |       |       |       |    60 ||    60
  Dodge: Dodged            |     5 |    17 |    78 |   174 ||   274

Table legend: (Time is in decaauts)
 A = Elapsed time spent in this place.
 B = Non-inter-level travel time spent in this place.
 C = Inter-level travel time spent in this place.
 D = Time resting spent in this place.
 E = Time spent auto-exploring this place.
 F = Levels seen in this place.
 G = Mean time per level.
                   A        B        C        D        E       F      G
               +--------+--------+--------+--------+--------+-----+--------+
         Total |  10517 |   9969 |    548 |   1345 |   6477 |  12 |  876.4 |
       Dungeon |   9802 |   9277 |    525 |   1239 |   6275 |  10 |  980.2 |
        Temple |     23 |      1 |     22 |      0 |      0 |   1 |   23.0 |
        Bailey |    691 |    691 |      0 |    106 |    201 |   1 |  691.0 |
               +--------+--------+--------+--------+--------+-----+--------+

Top non-repeatable levels by time:
     D:9: 1893 daAuts
     D:8: 1421 daAuts
     D:6: 1256 daAuts
     D:3: 995 daAuts
    D:10: 845 daAuts
     D:2: 782 daAuts
     D:1: 717 daAuts
     D:5: 713 daAuts
  Bailey: 691 daAuts
     D:7: 635 daAuts
     D:4: 543 daAuts
  Temple: 23 daAuts
